Map: 暮色之塔

Players

llllllllllll

  • Race: Terran Terran
  • League: Grandmaster

cyan

  • Race: Terran Terran
  • League: Master

IIIIIIIIIIII (Cyan)

  • Race: Protoss Protoss
  • League: Master

IIIIIIIIIIII

  • Race: Protoss Protoss

VOD

Have the link to the VOD?

Description

Time

  • Played on: Jan. 23, 2016, 1:43 a.m.
  • Length: 11:08
Show
View Real Time Build Order
Export as new Build Order

llllllllllll Terran 

Build Orders: Cyclone Opening 

Get SALT Encoding   

  12  0:01  SCV  
  13  0:13  SCV  
  14  0:20  Supply Depot  
  14  0:26  SCV  
  15  0:42  SCV  
  16  0:43  Barracks  
  16  0:47  Refinery  
  16  0:54  SCV  
  17  1:05  Refinery  
  17  1:06  SCV  
  18  1:18  SCV  
  19  1:30  SCV  
  21  1:35  Marine  
  21  1:40  Factory  
  21  1:43  Orbital Command  
  21  1:47  Supply Depot  
  21  1:53  Marine  
  22  2:08  SCV  
  23  2:19  Barracks Reactor  
  23  2:21  SCV  
  24  2:23  Factory Tech Lab  
  24  2:33  Command Center  
  24  2:34  SCV  
  25  2:43  Cyclone  
  28  2:49  Mag-Field Accelerator  
  28  2:52  SCV  
  28  2:55  Supply Depot  
  29  3:07  SCV  
  30  3:18  Supply Depot  
  30  3:19  SCV  
  31  3:24  Cyclone  
  31  3:25  Marine x2  
  36  3:31  SCV  
  37  3:42  Marine, Supply Depot  
  37  3:43  Marine, SCV  
  37  3:46  Starport  
  40  3:51  Orbital Command  
  40  3:56  SCV  
  41  4:03  Marine x2  
  41  4:07  Cyclone  
  41  4:09  SCV  
  47  4:21  SCV x2  
  47  4:23  Marine x2, Medivac  
  53  4:27  Supply Depot  
  53  4:33  SCV  
  53  4:34  SCV  
  55  4:40  Marine  
  55  4:41  Marine  
  55  4:45  SCV  
  58  4:46  Supply Depot, SCV  
  59  4:57  Cyclone, SCV  
  59  4:58  Marine x2, Medivac, SCV  
  68  5:01  Refinery  
  68  5:09  SCV  
  68  5:10  SCV  
  70  5:21  SCV  
  70  5:22  SCV  
  70  5:26  Marine x2  
  74  5:30  Command Center  
  74  5:31  Supply Depot  
  74  5:32  Cyclone  
  74  5:33  SCV  
  74  5:34  SCV  
  79  5:44  Marine x2  
  79  5:45  SCV  
  79  5:49  SCV  
  83  5:50  Starport Reactor  
  83  5:57  Barracks  
  83  5:58  Barracks, SCV  
  74  6:12  SCV  
  68  6:24  Marine  
  66  6:26  SCV  
  66  6:28  Engineering Bay x2  
  66  6:29  Viking x2  
  66  6:30  Refinery, Siege Tank  
  72  6:37  Barracks  
  72  6:38  Barracks  
  68  6:42  Marine x2  
  68  6:46  SCV  
  71  6:48  SCV  
  71  6:53  Marine x2  
  68  6:57  Terran Infantry Armor Level 1, Terran Infantry Weapons Level 1  
  68  6:58  SCV  
  68  7:03  Marine x2  
  68  7:06  SCV  
  71  7:21  SCV  
  72  7:27  Starport Reactor, Barracks Reactor, Barracks Tech Lab  
  72  7:29  SCV  
  73  7:30  Marine x2  
  73  7:32  Marine x2, Factory Reactor  
  73  7:33  SCV  
  78  7:42  Marauder, Stimpack  
  81  7:44  SCV  
  81  7:45  SCV  
  81  7:47  Orbital Command  
  81  7:48  Marauder  
  81  7:49  Marine x2  
  86  7:53  Marine x2  
  86  7:55  Armory  
  86  7:56  Supply Depot, SCV  
  86  7:57  Supply Depot, Combat Shields, SCV  
  90  8:00  Barracks Tech Lab  
  90  8:03  Marauder, Medivac x2  
  96  8:06  Marine, Refinery x2  
  96  8:07  Marine  
  96  8:08  SCV  
  96  8:09  Marauder, SCV  
  96  8:10  Marine  
  96  8:11  Marine, Widow Mine x2  
  96  8:12  Missile Turret  
  108  8:13  SCV  
  108  8:20  SCV  
  108  8:26  SCV  
  108  8:28  Marine, Missile Turret  
  108  8:29  Marine x2  
  108  8:30  Marauder  
  113  8:34  SCV  
  113  8:35  Marauder, Medivac x2  
  113  8:39  Widow Mine x2  
  124  8:44  Supply Depot, Terran Vehicle And Ship Armor Level 1  
  124  8:47  Marine  
  124  8:48  Supply Depot  
  125  8:57  Command Center  
  125  9:05  Marine x4  
  125  9:06  Marauder x2  
  125  9:07  Supply Depot  
  125  9:09  Ghost Academy  
  133  9:10  Supply Depot  
  133  9:12  Widow Mine  
  133  9:13  Widow Mine  
  137  9:20  Medivac  
  137  9:21  Medivac  
  141  9:28  Marauder  
  143  9:31  Supply Depot  
  143  9:32  Barracks  
  143  9:33  Supply Depot  
  143  9:34  Barracks  
  143  9:36  Starport  
  143  9:49  Ghost x2  
  143  9:51  Ghost  
  149  9:54  Supply Depot  
  149  9:57  Supply Depot  
  144  10:11  Marine  
  144  10:12  Marine, SCV  
  137  10:18  Marine, Marauder  
  137  10:19  Marine, Marauder, Widow Mine x2  
  137  10:21  Marauder  
  134  10:36  Orbital Command, Marine  
  134  10:38  Barracks Tech Lab x2  
  134  10:40  Marauder x2, Starport Reactor  
Show
View Real Time Build Order
Export as new Build Order

cyan Terran 

Build Orders:  

Get SALT Encoding   

  12  0:00  Probe (Chrono Boost)  
  13  0:11  Probe (Chrono Boost)  
  14  0:18  Pylon  
  14  0:22  Probe (Chrono Boost)  
  15  0:36  Probe (Chrono Boost)  
  15  0:37  Gateway  
  15  0:41  Assimilator  
  16  0:47  Probe (Chrono Boost)  
  17  0:57  Probe (Chrono Boost)  
  18  1:08  Probe (Chrono Boost)  
  19  1:18  Nexus  
  19  1:20  Probe (Chrono Boost)  
  20  1:31  Cybernetics Core  
  20  1:34  Probe (Chrono Boost)  
  20  1:39  Assimilator  
  21  1:44  Probe (Chrono Boost)  
  22  1:49  Pylon  
  22  1:55  Probe (Chrono Boost)  
  22  2:05  Probe (Chrono Boost)  
  22  2:07  Warp Gate, Adept (Chrono Boost)  
  25  2:17  Probe  
  26  2:23  Stargate  
  26  2:29  Probe x2 (Chrono Boost)  
  28  2:32  Adept  
  30  2:40  Probe x2 (Chrono Boost)  
  32  2:51  Probe (Chrono Boost)  
  34  2:53  Mothership Core (Chrono Boost)  
  35  2:59  Pylon  
  35  3:01  Probe (Chrono Boost), Adept  
  38  3:10  Probe (Chrono Boost)  
  38  3:11  Probe  
  38  3:12  Phoenix (Chrono Boost)  
  42  3:21  Probe  
  42  3:23  Probe  
  44  3:28  Pylon  
  44  3:30  Adept  
  44  3:31  Probe  
  47  3:35  Phoenix (Chrono Boost), Probe  
  50  3:42  Assimilator, Probe  
  50  3:44  Assimilator  
  50  3:47  Probe  
  52  3:52  Probe  
  53  3:57  Phoenix (Chrono Boost)  
  53  3:59  Probe  
  56  4:03  Probe  
  56  4:09  Robotics Facility  
  57  4:10  Gateway  
  57  4:13  Probe  
  57  4:17  Gateway  
  58  4:22  Phoenix (Chrono Boost), Probe  
  60  4:28  Pylon  
  61  4:32  Probe  
  62  4:38  Twilight Council  
  62  4:42  Forge  
  62  4:44  Probe  
  62  4:47  Probe  
  62  4:52  Phoenix (Chrono Boost)  
  64  4:57  Sentry  
  64  4:58  Observer (Chrono Boost)  
  69  5:00  Probe  
  70  5:07  Pylon, Resonating Glaives (Chrono Boost)  
  70  5:13  Nexus  
  70  5:17  Pylon  
  70  5:21  Probe  
  70  5:22  Observer  
  70  5:28  Pylon  
  68  5:29  Protoss Ground Armor Level 1 (Chrono Boost)  
  68  5:32  Phoenix  
  70  5:47  Immortal  
  73  5:51  Pylon, Adept x2  
  73  5:53  Pylon  
  77  6:04  Phoenix  
  73  6:14  Adept x3  
  73  6:17  Probe  
  78  6:26  Probe  
  78  6:29  Phoenix  
  78  6:30  Blink  
  78  6:32  Probe  
  82  6:40  Probe  
  82  6:45  Nexus  
  83  6:47  Observer  
  83  6:48  Pylon  
  83  6:50  Pylon  
  83  6:51  Probe  
  83  6:52  Pylon  
  83  6:53  Probe  
  86  6:54  Phoenix  
  88  7:04  Protoss Ground Weapons Level 1 (Chrono Boost)  
  88  7:06  Probe  
  88  7:07  Probe  
  90  7:17  Immortal  
  90  7:19  Phoenix, Probe  
  90  7:21  Probe  
  98  7:27  Gateway  
  98  7:30  Gateway  
  98  7:31  Probe  
  98  7:32  Gateway  
  98  7:33  Probe  
  100  7:37  Assimilator  
  100  7:42  Assimilator  
  100  7:44  Gateway x2, Phoenix, Probe  
  100  7:48  Probe  
  103  7:53  Pylon  
  103  7:56  Probe  
  103  7:58  Probe  
  104  8:01  Warp Prism (Chrono Boost)  
  107  8:10  Templar Archives  
  107  8:11  Phoenix  
  109  8:13  Pylon  
  109  8:26  Adept x3  
  115  8:36  Stalker x3, Protoss Ground Armor Level 2 (Chrono Boost)  
  115  8:38  Immortal (Chrono Boost)  
  125  8:42  Forge  
  125  8:44  Probe, Psionic Storm  
  125  8:48  Probe  
  126  8:56  High Templar x2  
  126  9:00  Probe  
  131  9:02  Nexus  
  131  9:05  Pylon  
  131  9:06  High Templar  
  133  9:10  High Templar  
  133  9:14  Adept x2  
  133  9:16  Adept x2  
  143  9:21  Pylon  
  143  9:23  Observer  
  143  9:25  Pylon  
  143  9:27  Pylon  
  144  9:38  Stalker x2  
  148  9:39  Adept  
  148  9:43  Stalker  
  148  9:45  Stalker  
  154  9:48  Stalker  
  154  9:52  Stalker  
  158  9:57  Stalker  
  160  10:04  Observer  
  148  10:25  Observer  
  139  10:41  Adept x2  
  139  10:42  Adept x6  
  159  10:56  Archon  
Show
View Real Time Build Order
Export as new Build Order

IIIIIIIIIIII Protoss 

Build Orders:  

Get SALT Encoding   

Show
View Real Time Build Order
Export as new Build Order

IIIIIIIIIIII Protoss 

Build Orders:  

Get SALT Encoding   

Tags
 
Add a new tag
Caveats
  • Supply blocks, unpowered buildings, or Contaminate may cause inaccurate times.
  • Supply counts are checked every 10 seconds.